 Dungeon Crawl Stone Soup version 0.26-a0-672-g1df16c3386 (webtiles) character file.

Game seed: 4746545257724928238

50 somkeydreadnuts the Digger (level 3, 0/19 HPs)
             Began as a Deep Elf Earth Elementalist on Oct 19, 2020.
             Slain by a rat (3 damage)
             ... on level 2 of the Dungeon.
             The game lasted 00:04:13 (1244 turns).

somkeydreadnuts the Digger (DEEE)                   Turns: 1244, Time: 00:04:14

Health: 0/19       AC:  2    Str:  5    XL:     3   Next: 55%
Magic:  8/10       EV: 13    Int: 20    God:
Gold:   157        SH:  0    Dex: 15    Spells: 9/10 levels left

rFire    . . .     SeeInvis .   k - +0 great mace
rCold    . . .     Faith    .   (shield currently unavailable)
rNeg     . . .     Spirit   .   c - +0 robe
rPois    .         Reflect  .   (no helmet)
rElec    .         Harm     .   (no cloak)
rCorr    .         Rampage  .   (no gloves)
MR       .....                  (no boots)
Stlth    ++........             (no amulet)
HPRegen  0.06/turn              (no ring)
MPRegen  0.12/turn              (no ring)

@: no status effects
A: no striking features
a: no special abilities


You were on level 2 of the Dungeon.
You visited 1 branch of the dungeon, and saw 2 of its levels.

You collected 157 gold pieces.

Inventory:

Hand Weapons
 g - a +0 club
 k - a +0 great mace (weapon)
Missiles
 b - 6 stones (quivered)
Armour
 c - a +0 robe (worn)
Scrolls
 e - a scroll of identify {unknown}
 f - a scroll of blinking {unknown}
 h - 2 scrolls of teleportation {unknown}
 j - 4 scrolls of remove curse {unknown}
Potions
 a - 2 potions of curing {unknown}
 d - a potion of heal wounds {unknown}
 i - 3 potions of invisibility {unknown}


   Skills:
 - Level 0.2 Maces & Flails
 - Level 2.4 Dodging
 - Level 2.4 Stealth
 + Level 4.0 Spellcasting
   Level 1.1 Transmutations
 + Level 4.4 Earth Magic


You had 9 spell levels left.
You knew the following spells:

 Your Spells              Type           Power        Failure   Level
a - Sandblast             Erth           ###...       1%          1

Your spell library contained the following spells:

 Spells                   Type           Power        Failure   Level
 Passwall                 Tmut/Erth      ###.....     6%          2
 Stone Arrow              Conj/Erth      ##....       16%         3
 Petrify                  Tmut/Erth      ###.....     38%         4
 Lee's Rapid Deconstruct  Erth           ###.......   50%         5


Dungeon Overview and Level Annotations

Branches:
Dungeon (2/15)

Altars:


Message History

The hobgoblin hits you with a +0 club.
* * * LOW HITPOINT WARNING * * *
Casting: Sandblast (safe; 1% risk of failure)
Confirm with . or Enter, or press ? or * to list all spells.
Press: ? - help, Shift-Dir - straight line, f - hobgoblin
Aim: a hobgoblin, wielding a +0 club The blast of sand hits the hobgoblin but does no damage.
b - 7 stones The rat misses you.
The hobgoblin hits you with a +0 club.
* * * LOW HITPOINT WARNING * * *
Casting: Sandblast (safe; 1% risk of failure)
Confirm with . or Enter, or press ? or * to list all spells.
Aiming: Sandblast (safe; 1% risk of failure)
Press: ? - help, Shift-Dir - straight line, f/p - hobgoblin
Aim: a hobgoblin, wielding a +0 club The blast of sand hits the hobgoblin!
You kill the hobgoblin!
b - 6 stones The rat bites you.
You die...

#........♣♣_.♣...♣.♣............
#........♣♣.♣♣♣..♣♣........####^
#........♣♣♣.♣.♣♣♣.♣.....### #.
#........♣♣.♣♣♣♣..♣..#....## ##.
#.#......♣....♣....###.>...###.(
#..##........##.##.##....##.....#
.. #........##.##....#..........
#........##)...............#.
#.#....####.@...........##.#.
#...##.# #)r...........##..# ....
#.# #g.......##.†#.###.. .....
..........##.###.#...... #...
##....###..#..##.######. #....
...##.##.####### ...... ##..#
.##..#..... ...... #...
.###...#### #.. ....... ##..#


You could see a hobgoblin and a rat.

Vanquished Creatures
  2 adders (D:2)
  An ooze (D:1)
  A dart slug (D:1)
  A leopard gecko (D:1)
  5 bats
  2 giant cockroaches (D:2)
  3 goblins
  5 hobgoblins
  A quokka (D:2)
  2 frilled lizards (D:1)
  2 rats
25 creatures vanquished.

Notes
Turn   | Place    | Note
-------+----------+-------------------------------------------
     0 | D:1      | somkeydreadnuts the Deep Elf Earth Elementalist began the
                  | quest for the Orb.
     0 | D:1      | Reached XP level 1. HP: 10/10 MP: 6/6
   149 | D:1      | Reached XP level 2. HP: 8/15 MP: 4/8
   816 | D:2      | Reached XP level 3. HP: 14/19 MP: 8/10
   899 | D:2      | Found a faded altar of an unknown god.
  1244 | D:2      | Slain by a rat

Illustrated notes

Levels and vault maps discovered:
D:1:      minmay_arrival_four_houses, layout_basic, nrook_uturn,
          hangedman_decor_points
D:2:      layout_rooms, marbit_many_paths, nemelex_xobeh_ov_fountains_minmay,
          chequers_ecumenical_altar_grove

Skill      XL: |  1  2  3 |
---------------+----------+-----
Earth Magic    | 4 |  4.4
Spellcasting   | 4 |  4.0
Maces & Flails | |  0.2
Dodging        | |  2.4
Stealth        | |  2.4
Transmutations | |  1.1

Action                   || total
-------------------------++-------
Melee: Club              ||    20
       Great mace        ||    16
 Cast: Sandblast         ||    24
 Stab: Sleeping          ||     1
Armor: Robe              ||     8
Dodge: Dodged            ||    43

Table legend: (Time is in decaauts)
 A = Elapsed time spent in this place.
 B = Non-inter-level travel time spent in this place.
 C = Inter-level travel time spent in this place.
 D = Time resting spent in this place.
 E = Time spent auto-exploring this place.
 F = Levels seen in this place.
 G = Mean time per level.
                   A        B        C        D        E       F      G
               +--------+--------+--------+--------+--------+-----+--------+
         Total |   1259 |   1259 |      0 |      0 |    979 |   2 |  629.5 |
       Dungeon |   1259 |   1259 |      0 |      0 |    979 |   2 |  629.5 |
               +--------+--------+--------+--------+--------+-----+--------+

Top non-repeatable levels by time:
     D:1: 718 daAuts
     D:2: 541 daAuts
